 Dungeon Crawl Stone Soup version 0.26-a0-660-gc07710193c (webtiles) character file.

Game seed: 12465689348956490956

67360 Drachen the Basher (level 14, 138/138 HPs)
             Began as a Palentonga Warper on Sept 30, 2020.
             Was the Champion of the Shining One.
             Quit the game on level 2 of the Orcish Mines on Oct 7, 2020.
             The game lasted 01:43:11 (25276 turns).

Drachen the Basher (Palentonga Warper)             Turns: 25276, Time: 01:43:11

Health: 138/138    AC: 21    Str: 28    XL:     14   Next: 82%
Magic:  19/19      EV: 11    Int: 14    God:    the Shining One [******]
Gold:   2225       SH: 15    Dex: 17    Spells: 6/17 levels left

rFire    + . .     SeeInvis +   V - +5 flail "Zecsunn" {vorpal, *Slow rF+ Str+3}
rCold    + . .     Faith    +   U - +2 kite shield {rC+}
rNeg     + + +     Spirit   .   B - +5 chain mail of Cagoo {Dex+4}
rPois    .         Reflect  .   I - +1 hat
rElec    .         Harm     .   H - +2 cloak
rCorr    .         Rampage  .   N - +1 pair of gloves {Dex+3}
MR       +....     Clarity  +   (no barding)
Stlth    ..........             R - amulet of faith
HPRegen  0.33/turn              Z - +4 ring of slaying
MPRegen  0.16/turn              g - +6 ring of strength

@: glowing
A: large, talons 1, rugged brown scales 3, see invisible, clarity, deformed
body, high mp 1, roll, armoured tail
a: Rolling Charge, Divine Shield, Cleansing Flame, Summon Divine Warrior, Brand
Weapon With Holy Wrath, Renounce Religion


You were on level 2 of the Orcish Mines.
You worshipped the Shining One.
The Shining One was exalted by your worship.
You visited 3 branches of the dungeon, and saw 20 of its levels.
You visited the Abyss 1 time.
You also visited: Ossuary and Ice Cave.

You collected 2342 gold pieces.
You spent 117 gold pieces at shops.

Inventory:

Hand Weapons
 V - the +5 flail "Zecsunn" (weapon) {vorpal, *Slow rF+ Str+3}
   (You found it on level 11 of the Dungeon)

   It inflicts extra damage upon your enemies.
   It affects your strength (+3).
   It protects you from fire.
   It may slow you when you take damage.
Missiles
 h - 89 poisoned darts (quivered)
 S - 18 boomerangs
Armour
 c - the cursed +0 cloak "Rudghus" {rPois MR+ Str-3 Slay+2}
   (You found it on level 6 of the Lair of Beasts)

   It affects your strength (-3).
   It affects your accuracy and damage with ranged weapons and melee attacks
   (+2).
   It protects you from poison.
   It affects your resistance to hostile enchantments.
   It has a curse placed upon it.
 f - a +0 tower shield
 B - the +5 chain mail of Cagoo (worn) {Dex+4}
   (You found it on level 11 of the Dungeon)

   It affects your dexterity (+4).
 H - a +2 cloak (worn)
 I - a +1 hat (worn)
 N - a +1 pair of gloves of dexterity (worn)
 U - a +2 kite shield of cold resistance (worn)
Jewellery
 b - a +6 ring of dexterity
 g - a +6 ring of strength (right hand)
 l - an uncursed ring of protection from cold
 y - an uncursed ring of protection from fire
 A - an uncursed ring of resist corrosion
 E - an uncursed ring of poison resistance
 R - an amulet of faith (around neck)
 Z - a +4 ring of slaying (left hand)
Wands
 a - a wand of flame (67)
 o - a wand of polymorph (14)
 p - a wand of paralysis (38)
 M - a wand of digging (13)
 T - a wand of iceblast (32)
 W - a wand of disintegration (11)
 Y - a wand of acid (6)
Scrolls
 d - 3 scrolls of blinking
 j - 5 scrolls of fog
 m - 12 scrolls of remove curse
 q - 7 scrolls of magic mapping
 r - 7 scrolls of teleportation
 s - 4 scrolls of amnesia
 z - 3 scrolls of immolation
 C - 3 scrolls of fear
 D - 3 scrolls of enchant weapon
 F - 3 scrolls of identify
 G - 3 scrolls of silence
 K - a scroll of summoning
 O - 3 scrolls of enchant armour
 P - a scroll of brand weapon
Potions
 i - 3 potions of flight
 k - 7 potions of curing
 n - 4 potions of heal wounds
 t - 6 potions of brilliance
 u - 4 potions of berserk rage
 v - 3 potions of haste
 w - 3 potions of resistance
 x - 2 potions of might
 J - 6 potions of lignification
 L - 2 potions of ambrosia {unknown}
 Q - a potion of invisibility {unknown}
 X - a potion of cancellation {unknown}
Miscellaneous
 e - a tin of tremorstones (3/3)


   Skills:
 + Level 13.4 Fighting
 - Level 14.0 Maces & Flails
 - Level 0.6 Throwing
 + Level 8.3 Armour
 + Level 7.6 Dodging
 - Level 9.0 Shields
 - Level 2.0 Spellcasting
 - Level 6.0 Translocations
 + Level 5.0 Invocations


You had 6 spell levels left.
You knew the following spells:

 Your Spells              Type           Power        Failure   Level
a - Blink                 Tloc           N/A          14%         2
b - Lesser Beckoning      Tloc           ###.......   26%         3
c - Teleport Other        Tloc           ###.....     26%         3
d - Gell's Gravitas       Tloc           ###.......   26%         3

Your spell library contained the following spells:

 Spells                   Type           Power        Failure   Level
 Passage of Golubria      Tloc           N/A          65%         4
 Animate Skeleton         Necr           #.....       71%         1
 Beastly Appendage        Tmut           #.....       71%         1
 Corona                   Hex            #......      71%         1
 Magic Dart               Conj           #...         71%         1
 Pain                     Necr           #...         71%         1
 Sandblast                Erth           #.....       71%         1
 Sting                    Tmut/Pois      #...         71%         1
 Ensorcelled Hibernation  Hex/Ice        #.....       85%         2
 Passwall                 Tmut/Erth      #.......     85%         2
 Poisonous Vapours        Pois/Air       #.....       85%         2
 Searing Ray              Conj           #.....       85%         2
 Wereblood                Tmut           #.......     85%         2
 Confusing Touch          Hex            #.......     97%         3
 Dazzling Flash           Conj/Hex       #.....       97%         3
 Ignite Poison            Fire/Tmut/Pois #.......     97%         3
 Mephitic Cloud           Conj/Pois/Air  #.......     97%         3
 Spider Form              Tmut/Pois      #.........   97%         3
 Stone Arrow              Conj/Erth      #.....       97%         3
 Tukima's Dance           Hex            #.......     97%         3
 Vampiric Draining        Necr           #.........   97%         3
 Iskenderun's Mystic Bla  Conj/Tloc      #.......     97%         4
 Animate Dead             Necr           #.........   100%        4
 Fulminant Prism          Conj/Hex       #.........   100%        4
 Ice Form                 Ice/Tmut       #.......     100%        4
 Leda's Liquefaction      Hex/Erth       #.........   100%        4
 Olgreb's Toxic Radiance  Pois           #.......     100%        4
 Petrify                  Tmut/Erth      #.......     100%        4
 Agony                    Necr           #.......     100%        5
 Blade Hands              Tmut           #.........   100%        5
 Bolt of Magma            Conj/Fire/Erth #.........   100%        5
 Lee's Rapid Deconstruct  Erth           #.........   100%        5
 Metabolic Englaciation   Hex/Ice        #.........   100%        5
 Freezing Cloud           Conj/Ice/Air   #.........   100%        6
 Iron Shot                Conj/Erth      #.........   100%        6
 Ozocubu's Refrigeration  Ice            #.........   100%        6
 Simulacrum               Ice/Necr       #.........   100%        6
 Statue Form              Tmut/Erth      #........    100%        6
 Shatter                  Erth           #.........   100%        9


Dungeon Overview and Level Annotations

Branches:
Dungeon (12/15)            Temple (0/1) D:4            Lair (6/6) D:11
 Shoals (0/4) Lair:2       Spider (0/4) Lair:3        Slime (0/5) Lair:5
    Orc (2/2) D:12            Elf (0/3) Orc:2       Ossuary (visited)
  IceCv (visited)

Altars:
Ashenzari
Cheibriados
Makhleb
Nemelex Xobeh
Ru
The Shining One

Shops:
D:4 (   D:11 !   Orc:2 *=:[}?*


Innate Abilities, Weirdness & Mutations

You are completely covered in rugged brown scales. (AC +3, +7% HP)
You have supernaturally acute eyesight. (SInv)
Armour fits poorly on your strangely shaped body.
You can roll at foes to attack.
You have a long armoured tail.
You have sharp toenails.
You possess an exceptional clarity of mind.
You have an increased reservoir of magic. (+10% MP)


Message History

Things that are here:
a +0 robe; a +0 dagger of venom
Things that are here:
a +0 leather armour; a +0 short sword
Things that are here:
a +2 robe of cold resistance; a cursed -3 dagger
Things that are here:
a +0 chain mail; a +0 mace Done exploring.
Okay, then.
Okay, then.
(D) Dungeon (T) Temple (L) Lair (A) Shoals (N) Spider Nest (M) Slime Pits (O) Orcish Mines (E) Elven Halls
Where to? (Enter - Orc:1 @ (x,y), ? - help)
Okay, then.
Welcome back, Drachen the Palentonga Warper.
The Shining One says: Lead the forces of light to victory!
Press ? for a list of commands and other information.
You see here a +0 leather armour.
Are you sure you want to abandon this character and quit the game? (Confirm with "yes".)

##....................#####
#....................##....
##.................[##.....
##............[8...#......
##.[........[.......#......
#...............<...#.....#
##....[.............#....##
#..............)∩.).#..#..#
#.........@.....[...)..##..
##..............8......#...
#............).........##..
#...................#.)#..#
#...................#)...##
#...................#.....#
#...................#......
#...................#......
#...................##.....


There were no monsters in sight!

Vanquished Creatures
  Gastronok (D:8)
  Snorg (D:11)
  2 hydras
  3 catoblepae (Lair:6)
  Harold (D:6)
  Fannar (D:12)
  Erica (D:11)
  The ghost of alf2 the Cleaver, a novice MiBe of Trog (D:10)
  2 two-headed ogres (D:12)
  8 death yaks (Lair:6)
  An orc high priest (Orc:2)
  Nergalle (Lair:3)
  Sonja (Lair:2)
  An unseen horror (D:11)
  An orange crystal statue (D:12)
  2 orc knights (Orc:1)
  4 orc sorcerers (Orc:2)
  An orb spider (Lair:3)
  2 manticores (Lair:6)
  A moth of wrath (D:10)
  5 elephants
  3 ugly things
  4 ice statues
  3 centaur zombies (D:12)
  14 cane toads
  4 rime drakes
  2 torpor snails (Lair:6)
  2 kobold demonologists (D:11)
  7 komodo dragons
  8 trolls
  2 merfolk (Lair:2)
  4 slime creatures (D:12)
  10 removed hippogriffs
  12 blink frogs
  8 dream sheep
  A shadow (D:11)
  Sigmund (D:2)
  56 yaks
  4 wyverns
  A steam dragon (D:9)
  2 wargs (Orc:2)
  An acid dragon (D:10)
  2 soldier ants (D:10)
  7 water moccasins
  24 orc warriors
  4 removed porcupines
  Duvessa (D:7)
  4 phantoms
  7 ice beasts
  4 sky beasts
  A necrophage (D:10)
  21 wolves
  12 ogres
  18 removed crocodiles
  5 centaurs
  5 big kobolds
  7 bullfrogs
  A gnoll sergeant (D:10)
  Dowan (D:7)
  A water moccasin zombie (D:8)
  3 wyvern skeletons
  3 scorpions
  10 killer bees
  3 wights (D:10)
  4 howler monkeys
  An electric eel (Lair:2)
  7 crimson imps (D:8)
  A quasit (D:7)
  14 jellies
  4 bullfrog skeletons
  3 hounds
  22 orc priests
  Crazy Yiuf (D:7)
  38 orc wizards
  4 centaur skeletons
  5 iguanas
  5 hell rats (Lair:4)
  11 worker ants
  A hound zombie (D:8)
  8 mummies (Ossuary)
  Robin (D:4)
  A howler monkey zombie (D:10)
  2 worker ant zombies
  5 gnolls (D:10)
  11 adders
  2 shadow imps (D:8)
  18 white imps
  2 ufetubi (D:9)
  An ooze (Lair:5)
  An adder skeleton (D:4)
  2 adder zombies
  3 worms (D:2)
  3 dart slugs
  4 leopard geckos
  66 orcs
  9 bats
  3 giant cockroaches
  8 goblins
  A hobgoblin (D:3)
  8 jackals
  6 quokkas
  3 ball pythons
  2 frilled lizards
  2 gnoll zombies (Ossuary)
  25 kobolds
  4 kobold zombies (Ossuary)
  2 orc zombies (Ossuary)
  A quokka zombie (D:7)
  2 rats
661 creatures vanquished.

Vanquished Creatures (others)
  An orc priest (Orc:2)
  An orc (D:11)
  A bush (Lair:6)
  30 fungi
  39 plants
72 creatures vanquished.

Grand Total: 733 creatures vanquished

Notes
Turn   | Place    | Note
-------+----------+-------------------------------------------
     0 | D:1      | Drachen the Palentonga Warper began the quest for the Orb.
     0 | D:1      | Reached XP level 1. HP: 18/18 MP: 3/3
   216 | D:1      | Reached XP level 2. HP: 26/26 MP: 5/5
   428 | D:1      | Learned a level 2 spell: Blink
   507 | D:2      | Noticed Sigmund
   743 | D:2      | Killed Sigmund
   743 | D:2      | Reached skill level 3 in Maces & Flails
   743 | D:2      | Reached XP level 3. HP: 33/33 MP: 3/6
   743 | D:2      | Reached XP level 4. HP: 41/41 MP: 3/7
   743 | D:2      | Reached XP level 5. HP: 48/48 MP: 3/8
   958 | D:2      | Found a glowing golden altar of the Shining One.
  1048 | D:2      | Became a worshipper of the Shining One
  1381 | D:3      | Reached skill level 4 in Maces & Flails
  1712 | D:3      | Found a sparkling altar of Nemelex Xobeh.
  2629 | D:4      | Found a staircase to the Ecumenical Temple.
  2642 | D:4      | Reached XP level 6. HP: 25/55 MP: 9/9
  2695 | D:4      | Found Feluh's Weapon Shoppe.
  2696 | D:4      | Reached skill level 1 in Armour
  2731 | D:4      | Noticed Robin
  2910 | D:4      | Found a sand-covered staircase.
  2916 | Ossuary  | Entered an ossuary
  2963 | Ossuary  | Reached * piety under the Shining One
  3304 | D:4      | Reached XP level 7. HP: 57/64 MP: 10/10
  3523 | D:4      | Killed Robin
  3597 | D:4      | Reached ** piety under the Shining One
  3598 | D:4      | Reached skill level 5 in Maces & Flails
  3825 | D:4      | Learned a level 3 spell: Lesser Beckoning
  3829 | D:4      | Learned a level 3 spell: Teleport Other
  3860 | D:4      | Reached skill level 5 in Fighting
  3993 | D:4      | Reached skill level 5 in Translocations
  4084 | D:4      | Got a translucent leather armour
  4095 | D:4      | Identified the +1 leather armour of Tyxzo {rElec rF+} (You
                  | found it on level 4 of the Dungeon)
  4440 | D:5      | Entered Level 5 of the Dungeon
  4448 | D:5      | Found a glowing golden altar of the Shining One.
  4585 | D:5      | Reached skill level 1 in Invocations
  4796 | D:5      | You fall into a shaft and drop 2 floors!
  4847 | D:6      | Found a sparkling altar of Nemelex Xobeh.
  4986 | D:5      | Reached skill level 1 in Shields
  4986 | D:5      | Reached XP level 8. HP: 65/72 MP: 11/11
  5596 | D:6      | Found a broken altar of Ashenzari.
  5730 | D:6      | Reached skill level 6 in Maces & Flails
  6081 | D:7      | Learned a level 3 spell: Gell's Gravitas
  6092 | D:7      | Noticed Harold
  6409 | D:6      | Found a broken altar of Ashenzari.
  6621 | D:6      | Killed Harold
  6621 | D:6      | Reached XP level 9. HP: 45/83 MP: 1/12
  6802 | D:6      | Found a sparkling altar of Nemelex Xobeh.
  7419 | D:7      | Noticed Duvessa
  7423 | D:7      | Killed Duvessa
  7423 | D:7      | Reached skill level 7 in Maces & Flails
  7423 | D:7      | Reached skill level 5 in Invocations
  7423 | D:7      | Noticed Dowan
  7442 | D:7      | Killed Dowan
  7692 | D:7      | Found a sacrificial altar of Ru.
  7831 | D:7      | Found a runed translucent door.
  7832 | D:7      | Noticed Crazy Yiuf
  7897 | D:7      | Killed Crazy Yiuf
  8112 | D:8      | Reached skill level 8 in Maces & Flails
  8113 | D:8      | Reached *** piety under the Shining One
  8289 | D:8      | Noticed Gastronok
  8731 | D:8      | Reached XP level 10. HP: 86/96 MP: 13/13
  8927 | D:8      | Killed Gastronok
  8927 | D:8      | Reached skill level 9 in Maces & Flails
  9256 | D:9      | Reached **** piety under the Shining One
  9485 | D:9      | Reached skill level 10 in Fighting
  9485 | D:9      | Reached skill level 10 in Maces & Flails
  9839 | D:9      | Found a burning altar of Makhleb.
 10305 | D:9      | Found a snail-covered altar of Cheibriados.
 10376 | D:10     | Entered Level 10 of the Dungeon
 10734 | D:10     | Found a transporter.
 10740 | D:10     | Found a transporter.
 10746 | D:10     | Noticed a moth of wrath
 10840 | D:10     | Reached XP level 11. HP: 108/108 MP: 14/14
 11081 | D:10     | Reached skill level 11 in Maces & Flails
 11486 | D:10     | Noticed alf2's ghost (novice MiBe)
 11533 | D:10     | Reached ***** piety under the Shining One
 12283 | D:10     | Killed alf2's ghost
 12678 | D:11     | Found a staircase to the Lair.
 12741 | D:11     | Got a transparent chain mail
 12752 | D:11     | Identified the +5 chain mail of Cagoo {Dex+4} (You found it
                  | on level 11 of the Dungeon)
 13098 | D:11     | Got a faintly glowing flail
 13099 | D:11     | Identified the +5 flail "Zecsunn" {vorpal, *Slow rF+ Str+3}
                  | (You found it on level 11 of the Dungeon)
 13150 | D:11     | Noticed a white ugly thing
 13155 | D:11     | Killed a white ugly thing
 13279 | D:11     | Noticed an unseen horror
 13279 | D:11     | Noticed Erica
 13286 | D:11     | Killed an unseen horror
 13294 | D:11     | Killed Erica
 13790 | D:11     | Found Tioj's Distillery.
 13793 | D:11     | Bought a potion of might for 52 gold pieces
 13793 | D:11     | Bought a potion of berserk rage for 65 gold pieces
 13839 | D:11     | Identified a scroll of acquirement
 13840 | D:11     | Acquired a +1 pair of gloves of dexterity
 13859 | D:11     | Noticed Snorg
 13861 | D:11     | Killed Snorg
 13861 | D:11     | Reached skill level 12 in Maces & Flails
 13861 | D:11     | Reached XP level 12. HP: 119/119 MP: 15/15
 14101 | Lair:1   | Entered Level 1 of the Lair of Beasts
 14343 | Lair:1   | Reached skill level 5 in Shields
 14720 | Lair:2   | Noticed Sonja
 15760 | Lair:2   | Found a staircase to the Shoals.
 15843 | Lair:2   | Cast into level 1 of the Abyss (Sonja)
 15861 | Lair:2   | Escaped the Abyss
 16043 | Lair:2   | Killed Sonja
 16238 | Lair:3   | Found a hole to the Spider Nest.
 16260 | Lair:3   | Found a frozen archway.
 16320 | IceCv    | Entered an ice cave
 16692 | IceCv    | Reached skill level 5 in Armour
 17031 | IceCv    | Got an ichor-stained plate armour
 17032 | IceCv    | Identified the cursed +0 plate armour "Wummoum" {+Blink rF+
                  | Dex+2} (You found it in an ice cave)
 17168 | Lair:3   | Noticed Nergalle
 17172 | Lair:3   | Killed Nergalle
 17715 | Lair:3   | Gained mutation: You have sharp toenails. [potion of
                  | mutation]
 17715 | Lair:3   | Gained mutation: Your mind is acute. (Int +2) [potion of
                  | mutation]
 17716 | Lair:3   | Lost mutation: Your mind is acute. (Int +2) [potion of
                  | mutation]
 17716 | Lair:3   | Gained mutation: You possess an exceptional clarity of
                  | mind. [potion of mutation]
 17716 | Lair:3   | Gained mutation: You have an increased reservoir of magic.
                  | (+10% MP) [potion of mutation]
 18127 | Lair:4   | Reached XP level 13. HP: 98/126 MP: 11/18
 18129 | Lair:4   | Reached skill level 13 in Maces & Flails
 18370 | Lair:4   | Reached skill level 5 in Dodging
 19312 | Lair:5   | Found a staircase to the Slime Pits.
 19736 | Lair:6   | Entered Level 6 of the Lair of Beasts
 19835 | Lair:6   | Reached skill level 14 in Maces & Flails
 20769 | Lair:6   | Reached XP level 14. HP: 121/134 MP: 16/19
 21756 | Lair:6   | Reached ****** piety under the Shining One
 21916 | Lair:6   | Got a fine cloak
 21917 | Lair:6   | Identified the cursed +0 cloak "Rudghus" {rPois MR+ Str-3
                  | Slay+2} (You found it on level 6 of the Lair of Beasts)
 22170 | D:12     | Noticed Fannar
 22180 | D:12     | Killed Fannar
 22765 | D:12     | Found a staircase to the Orcish Mines.
 23418 | Orc:1    | Entered Level 1 of the Orcish Mines
 23944 | Orc:2    | Entered Level 2 of the Orcish Mines
 24296 | Orc:2    | Found Xofurgh's General Store.
 24392 | Orc:2    | Paralysed by an orc sorcerer for 3 turns
 24685 | Orc:2    | Found a staircase to the Elven Halls.
 24693 | Orc:2    | Found Aqymag's Jewellery Shoppe.
 24798 | Orc:2    | Found Raiwuyso's Book Emporium.
 24800 | Orc:2    | Found Ofylutun's Armour Emporium.
 24801 | Orc:2    | Found Kovugutixy's Magic Scroll Shoppe.
 24804 | Orc:2    | Found Kipicav's Gadget Shoppe.
 24930 | Orc:2    | Found Docipos's Assorted Antiques.
 25164 | Orc:2    | Paralysed by an orc sorcerer for 3 turns
 25247 | Orc:2    | Upgraded the game from 0.26-a0-652-gafc20e3620 to
                  | 0.26-a0-660-gc07710193c
 25276 | Orc:2    | Quit the game

Illustrated notes

Levels and vault maps discovered:
D:1:      scummos_arrival_hexagon, layout_rooms
D:2:      layout_basic, lemuel_crystal_altar, uniq_sigmund
D:3:      layout_basic, nemelex_xobeh_ov_fountains_minmay
D:4:      layout_basic, minmay_temple_entry_mini_moons,
          nicolae_ossuary_entry_plus, serial_shops,
          nicolae_shop_temple_entry_statues_fountains, minmay_diced_spiral,
          uniq_robin
D:5:      minmay_spotlight, layout_basic, basic_altar
D:6:      layout_gridville, basic_altar, nicolae_ashenzari_panopticon
D:7:      layout_basic, lemuel_doored_altar, uniq_crazy_yiuf_cottage,
          uniq_harold, uniq_duvessa
D:8:      layout_basic, minmay_nine_imps, uniq_gastronok
D:9:      layout_roguey, minitemple, minmay_fractal_squares_gapless_5
D:10:     layout_stronghold, gammafunk_ghost_berserking_beasts
D:11:     layout_irregular_city, lair_entry_dummy, serial_shops,
          kennysheep_mini, uniq_erica, uniq_snorg
D:12:     layout_basic, david_orc_4, david_greed, uniq_fannar
Lair:1:   layout_roguey, st_stairs_11
Lair:2:   layout_chaotic_city, elwin_shoals_entry_rooms,
          chequers_serial_rivers_micro_e, nicolae_quartered_pool_super,
          beast_lair_carwin_5, uniq_sonja
Lair:3:   layout_small_grid, nicolae_spider_entry_orb_guardian,
          portal_ice_cave_entry_imps, uniq_nergalle
Lair:4:   layout_hall_layers
Lair:5:   layout_regular_city, minmay_slime_entry_jelly_boxes
Lair:6:   evilmike_catoblepas_cave, layout_regular_city, grunt_megastairs_1
Orc:1:    layout_caves
Orc:2:    st_orc_mages, layout_diamond_mine, serial_shops, shop, shop_statue,
          shop

Skill      XL: |  1  2  3  4  5  6  7  8  9 10 11 12 13 14 |
---------------+-------------------------------------------+-----
Fighting       | 3 4 5 6 8 10 12 13 | 13.4
Maces & Flails | 3 4 5 6 8 10 12 14 | 14.0
Translocations | 4 5 6 |  6.0
Armour         | 1 2 3 5 6 8 |  8.3
Dodging        | 2 4 5 7 |  7.6
Invocations    | 1 4 5 |  5.0
Shields        | 1 2 4 6 9 |  9.0
Throwing       | |  0.6
Spellcasting   | |  2.0

Action                   |  1- 3 |  4- 6 |  7- 9 | 10-12 | 13-15 || total
-------------------------+-------+-------+-------+-------+-------++-------
Melee: Mace              |    41 |       |       |       |       ||    41
       Tailslap          |     6 |    14 |    42 |   153 |   137 ||   352
       Flail             |    13 |   140 |   322 |   679 |   663 ||  1817
       Kick              |       |       |       |    15 |   318 ||   333
Throw: Boomerang         |     1 |     2 |     1 |       |       ||     4
       Dart              |       |     4 |     9 |       |     2 ||    15
 Cast: Blink             |     1 |    10 |    30 |    20 |    11 ||    72
       Gell's Gravitas   |       |       |       |     5 |       ||     5
Invok: Divine Shield     |       |       |     1 |     9 |     8 ||    18
       Cleansing Flame   |       |       |       |       |     1 ||     1
 Abil: Rolling Charge    |    18 |    43 |    63 |    90 |    39 ||   253
Evoke: Wand              |       |       |     1 |       |       ||     1
  Use: Scroll            |     2 |     9 |     8 |    17 |     2 ||    38
       Potion            |     1 |     1 |     3 |     7 |     1 ||    13
Armor: Leather armour    |    48 |    37 |   121 |    38 |       ||   244
       Ring mail         |       |       |       |   143 |       ||   143
       Chain mail        |       |       |       |    90 |   181 ||   271
Dodge: Dodged            |    46 |    65 |   157 |   151 |   156 ||   575
Block: Buckler           |       |       |    91 |    72 |       ||   163
       Kite shield       |       |       |       |   348 |   489 ||   837

Table legend: (Time is in decaauts)
 A = Elapsed time spent in this place.
 B = Non-inter-level travel time spent in this place.
 C = Inter-level travel time spent in this place.
 D = Time resting spent in this place.
 E = Time spent auto-exploring this place.
 F = Levels seen in this place.
 G = Mean time per level.
                   A        B        C        D        E       F      G
               +--------+--------+--------+--------+--------+-----+--------+
         Total |  25143 |  24097 |   1046 |   6020 |  13355 |  23 | 1093.2 |
       Dungeon |  15215 |  14623 |    592 |   3791 |   7944 |  12 | 1267.9 |
          Lair |   7189 |   6816 |    373 |   1625 |   4287 |   6 | 1198.2 |
  Orcish Mines |   1601 |   1521 |     80 |     15 |   1106 |   2 |  800.5 |
         Abyss |     17 |     17 |      0 |      0 |      0 |   1 |   17.0 |
       Ossuary |    383 |    383 |      0 |     73 |      0 |   1 |  383.0 |
      Ice Cave |    736 |    736 |      0 |    516 |     18 |   1 |  736.0 |
               +--------+--------+--------+--------+--------+-----+--------+

Top non-repeatable levels by time:
    D:10: 2255 daAuts
  Lair:6: 2181 daAuts
     D:6: 1894 daAuts
     D:3: 1520 daAuts
    D:12: 1467 daAuts
    D:11: 1421 daAuts
     D:7: 1393 daAuts
     D:4: 1258 daAuts
     D:9: 1177 daAuts
  Lair:2: 1143 daAuts
  Lair:3: 1123 daAuts
   Orc:2: 1102 daAuts
  Lair:1: 1014 daAuts
  Lair:4: 914 daAuts
     D:2: 890 daAuts
